cohdb
Replays
Latest Replays
All Replays
Popular Replays
Top Player Replays
Match Explorer
How It Works
Community
CoH3 Stats
Reddit
Sign in to upload your games and track your stats! →
Sign in with Steam
Match 41943572
Unlisted
Match 41943572
Overview
Messages
Build Orders
End
Panzerpioneer Squad
250 Light Carrier
Panzergrenadier Squad
Construct Light Support Kompanie
Selects Armored Support Battlegroup
Combat Half-tracks
Advanced Field Repairs
Panzergrenadier Squad
Selects Superior Fire Drills
Construct Mechanized Kompanie
Support Armor Elements
Panzerjäger Mechanized Group
Selects Salvage Kits
Selects Salvage Kits
Panzerjäger Squad
StuG III D Assault Gun
StuG III D Assault Gun
Marder III Tank Destroyer
Selects Panzer Storm
Marder III Tank Destroyer
kimbreaker
Dune_el
Potato slicer
HolyMolyEmpire
wila
LittleFatty233
幻想r
MG22
0
0
Comments
sign in to comment!
No comments posted yet!